 Dungeon Crawl Stone Soup version 0.25.1-1-g288607f5aa (webtiles) character file.

Game seed: 11705000718134099296

453 arial999 the Conjurer (level 6, -4/35 HPs)
             Began as a Deep Elf Conjurer on July 29, 2020.
             Was an Initiate of Vehumet.
             Slain by Duvessa
             ... wielding a +0 short sword
              (7 damage)
             ... on level 5 of the Dungeon.
             The game lasted 00:20:03 (5104 turns).

arial999 the Conjurer (Deep Elf Conjurer)           Turns: 5104, Time: 00:20:03

Health: -4/35      AC:  7    Str:  5    XL:     6   Next: 75%
Magic:  1/15       EV: 14    Int: 28    God:    Vehumet [......]
Gold:   216        SH:  0    Dex: 15    Spells: 7/14 levels left

rFire    + . .     SeeInvis .   y - +2 dagger (venom)
rCold    x . .     Gourm    .   (no shield)
rNeg     . . .     Faith    .   a - +1 robe
rPois    .         Spirit   .   u - +2 helmet
rElec    .         Reflect  .   (no cloak)
rCorr    .         Harm     .   x - +0 pair of gloves
MR       .....                  (no boots)
Stlth    +++.......             w - amulet of regeneration
HPRegen  0.51/turn              i - ring of fire
MPRegen  0.14/turn              s - +6 ring of intelligence

@: no status effects
A: no striking features
a: Renounce Religion


You were on level 5 of the Dungeon.
You worshipped Vehumet.
Vehumet was noncommittal.
You were not hungry.

You visited 1 branch of the dungeon, and saw 5 of its levels.

You collected 216 gold pieces.

Inventory:

Hand Weapons
 y - a +2 dagger of venom (weapon)
Armour
 a - a +1 robe (worn)
 u - a +2 helmet (worn)
 x - a +0 pair of gloves (worn)
Jewellery
 i - a ring of fire (left hand)
 s - a +6 ring of intelligence (right hand)
 w - an amulet of regeneration (around neck)
Wands
 k - a wand of paralysis (5)
Scrolls
 b - 3 scrolls of teleportation
 f - a scroll of enchant weapon {unknown}
 m - 4 scrolls of remove curse
 p - 2 scrolls of identify
Potions
 d - 3 potions of flight
 e - a potion of lignification {unknown}
 g - 2 potions of might {unknown}
 h - a potion of invisibility {unknown}
 j - 3 potions of resistance {unknown}
 l - a potion of curing {unknown}
 n - 2 potions of heal wounds
 q - a potion of brilliance {unknown}
 r - a potion of mutation {unknown}
 t - 2 potions of cancellation {unknown}
 v - a potion of haste {unknown}
Comestibles
 c - 9 rations
 o - 5 chunks of flesh


   Skills:
 + Level 1.9 Fighting
 + Level 4.1 Dodging
 + Level 4.2 Stealth
 + Level 4.7 Spellcasting
 * Level 6.2 Conjurations
 + Level 2.1 Hexes


You had 7 spell levels left.
You knew the following spells:

 Your Spells              Type           Power        Failure   Level  Hunger
a - Magic Dart            Conj           ####         1%          1    None
b - Searing Ray           Conj           #####.       1%          2    None
c - Fulminant Prism       Conj/Hex       ####......   12%         4    ###....

Your spell library contained the following spells:

 Spells                   Type           Power        Failure   Level  Hunger
 Dazzling Flash           Conj/Hex       ####..       3%          3    #......
 Iskenderun's Mystic Bla  Conj/Tloc      ###.....     19%         4    ###....


Dungeon Overview and Level Annotations

Branches:
Dungeon (5/15)
 Temple: D:4-7

Altars:
Fedhas
Nemelex Xobeh
Vehumet
Yredelemnul

Shops:
D:4 =

Annotations:
D:4 1 runed translucent door
D:5 Duvessa


Message History

Confirm with . or Enter, or press ? or * to list all spells.
Aiming: Searing Ray (safe; 1% risk of failure)
Press: ? - help, Shift-Dir - straight line, f - Duvessa
Aim: Duvessa, wielding a +0 short sword and wearing a +3 leather armour of positive energy (lightly wounded, berserk, fast)
The searing ray hits Duvessa!
Duvessa is moderately wounded. (Press . to maintain the ray.) Duvessa barely misses you.
The searing ray hits Duvessa!
Duvessa is heavily wounded.
Duvessa hits you with a +0 short sword! Duvessa closely misses you.
Without enough magic to sustain it, your searing ray dissipates.
Duvessa hits you with a +0 short sword. Duvessa completely misses you.
Duvessa hits you with a +0 short sword!
* * * LOW HITPOINT WARNING * * *
Duvessa hits you with a +0 short sword.
* * * LOW HITPOINT WARNING * * *
Duvessa misses you. Duvessa hits you with a +0 short sword!
You die...

.####..#.#.#..####
.................#
.#######.#.#.รท##.#
....>.##......##.#
..###.##.#.#..##.#
..###.##.#....##.#
.........#.##.##.#
.......###.##.##.#
..###..###.##.##@#
..##....<#.##.##e#
..##.###.#.##.##.#
..##.# #..(...##.#
..##.###.#.#####.#
......)=...#####.#
#.#####......e.).#
#.# #.##########
#.# #.#


You could see Duvessa (berserk, fast).

Vanquished Creatures
  Dowan (D:5)
  A crimson imp (D:5)
  A bullfrog zombie (D:5)
  2 orc priests (D:5)
  2 centaur skeletons
  2 orc wizards
  A worker ant (D:5)
  4 adders
  3 oozes
  2 worms
  2 leopard geckos (D:3)
  15 orcs
  A ball python (D:1)
  6 bats
  4 giant cockroaches
  4 goblins
  6 hobgoblins
  4 jackals (D:5)
  A quokka (D:4)
  8 frilled lizards
  A goblin zombie (D:4)
  10 kobolds
  A kobold skeleton (D:4)
  A quokka skeleton (D:5)
  9 rats
92 creatures vanquished.

Vanquished Creatures (others)
  3 fulminant prisms (D:5)
3 creatures vanquished.

Grand Total: 95 creatures vanquished

Notes
Turn   | Place    | Note
-------+----------+-------------------------------------------
     0 | D:1      | arial999 the Deep Elf Conjurer began the quest for the Orb.
     0 | D:1      | Reached XP level 1. HP: 10/10 MP: 6/6
   201 | D:1      | Reached XP level 2. HP: 15/15 MP: 6/8
   291 | D:1      | Learned a level 2 spell: Searing Ray
   296 | D:1      | You fall into a shaft and drop 1 floor!
  1069 | D:1      | Reached XP level 3. HP: 20/20 MP: 7/9
  2060 | D:3      | Reached skill level 5 in Conjurations
  2234 | D:3      | Reached XP level 4. HP: 24/24 MP: 2/11
  2312 | D:3      | Learned a level 4 spell: Fulminant Prism
  2363 | D:3      | Reached skill level 1 in Fighting
  2875 | D:3      | Found a sparkling altar of Nemelex Xobeh.
  3138 | D:4      | Found Eraelojo's Jewellery Shop.
  3358 | D:4      | Found a runed translucent door.
  3358 | D:4      | Noticed a human
  3360 | D:4      | Found a basalt altar of Yredelemnul.
  3715 | D:4      | Reached XP level 5. HP: 27/29 MP: 3/13
  3851 | D:5      | Entered Level 5 of the Dungeon
  4076 | D:5      | Noticed Dowan
  4082 | D:5      | Noticed Duvessa
  4278 | D:5      | Reached skill level 1 in Hexes
  4475 | D:5      | Reached XP level 6. HP: 34/34 MP: 6/14
  4572 | D:5      | Reached skill level 6 in Conjurations
  4933 | D:5      | Found a radiant altar of Vehumet.
  4934 | D:5      | Found a blossoming altar of Fedhas.
  4950 | D:5      | Became a worshipper of Vehumet
  5091 | D:5      | Killed Dowan
  5104 | D:5      | Slain by Duvessa

Illustrated notes

Levels and vault maps discovered:
D:1:      dpeg_arrival_lava_altar, layout_basic
D:2:      layout_loops_ring
D:3:      layout_rooms, nemelex_dance_club_becter
D:4:      layout_gridville, serial_shops, shop, first_ration,
          dk_yredelemnul_ordeal
D:5:      layout_loops_ring, gammafunk_temple_overflow_pools,
          portal_sewer_entry_d, hangedman_decor_riveting, minivault_1,
          uniq_crazy_yiuf_cottage, uniq_duvessa

Skill      XL: |  1  2  3  4  5  6 |
---------------+-------------------+-----
Stealth        | 3 4 |  4.2
Dodging        | 3 4 |  4.1
Conjurations   | 5 6 |  6.2
Fighting       | 1 |  1.9
Spellcasting   | 4 |  4.7
Hexes          | 1 2 |  2.1

Action                   |  1- 3 |  4- 6 || total
-------------------------+-------+-------++-------
Melee: Unarmed           |     6 |       ||     6
       Dagger            |       |    11 ||    11
 Cast: Magic Dart        |    78 |   116 ||   194
       Searing Ray       |       |    10 ||    10
       Fulminant Prism   |       |     3 ||     3
  Use: Scroll            |     6 |     6 ||    12
  Eat: Chunk             |     4 |     9 ||    13
Armor: Robe              |     3 |    10 ||    13
Dodge: Dodged            |    15 |    28 ||    43
